 Dungeon Crawl Stone Soup version 0.21.1-1-g345015f (webtiles) character file.

95 0nlyMegaZig the Ruffian (level 4, -1/38 HPs)
             Began as a Centaur Transmuter on Feb 7, 2018.
             Was an Initiate of Gozag.
             Slain by a hound (2 damage)
             ... on level 2 of the Dungeon.
             The game lasted 00:02:27 (2850 turns).

0nlyMegaZig the Ruffian (Centaur Transmuter)        Turns: 2850, Time: 00:02:28

Health: -1/38      AC:  4    Str: 13 (14) XL:     4   Next: 39%
Magic:  6/6        EV:  9    Int: 11 (12) God:    Gozag
Gold:   64         SH:  0    Dex:  6 (9)  Spells: 5/6 levels left

rFire    . . .     SeeInvis .     - Unarmed
rCold    . . .     Gourm    .   (no shield)
rNeg     . . .     Faith    .   b - +0 robe
rPois    .         Spirit   .   (no helmet)
rElec    .         Reflect  .   (no cloak)
rCorr    .         Harm     .   (no gloves)
MR       .....                  (no barding)
Stlth    ..........             h - amulet of magic regeneration
HPRegen  0.12/turn              (no ring)
MPRegen  0.35/turn              (no ring)

@: very quick
A: large, hooves 3, deformed body, speed 2, tough skin 3
a: Potion Petition, Call Merchant, Bribe Branch, Renounce Religion


You were on level 2 of the Dungeon.
You worshipped Gozag.
Gozag was noncommittal.
You were hungry.

You visited 1 branch of the dungeon, and saw 4 of its levels.

You collected 76 gold pieces.
You paid 12 gold pieces to Gozag.

Inventory:

Missiles
 a - 60 arrows
 o - 14 bolts
Armour
 b - a +0 robe (worn)
Jewellery
 h - an amulet of magic regeneration (around neck)
 i - an uncursed ring of positive energy {unknown}
Scrolls
 e - 3 scrolls of remove curse {unknown}
 f - 3 scrolls of random uselessness {unknown}
 g - 6 scrolls of teleportation {unknown}
 l - a scroll of blinking {unknown}
 n - a scroll of enchant armour {unknown}
Books
 c - a book of Changes

   Spells                             Type                      Level
   a - Beastly Appendage              Transmutation                1
   b - Sticks to Snakes               Transmutation                2
   c - Spider Form                    Transmutation/Poison         3
   d - Ice Form                       Ice/Transmutation            4
   e - Blade Hands                    Transmutation                5
Comestibles
 d - 5 rations


   Skills:
 + Level 3.1 Fighting
 - Level 1.3 Dodging
 + Level 4.2 Unarmed Combat
 - Level 1.5 Spellcasting
 - Level 1.7 Transmutations


You had 5 spell levels left.
You knew the following spells:

 Your Spells              Type           Power        Failure   Level  Hunger
a - Beastly Appendage     Tmut           #.....       14%         1    ##.....


Dungeon Overview and Level Annotations

Branches:
Dungeon (4/15)
 Temple: D:4-7

Altars:
Cheibriados
Gozag
Hepliaklqana
Kikubaaqudgha
Trog

Annotations:
D:3 Natasha
D:4 Ijyb


Innate Abilities, Weirdness & Mutations

You have hooves in place of feet.
Armour fits poorly on your strangely shaped body.
You cover ground very quickly.
You have extremely tough skin. (AC +3)


Message History

The hound is severely wounded.
The hound bites you but does no damage. The hound misses you.
You hit the hound.
The hound is almost dead.
The hound barely misses you.
You hit the hound but do no damage.
The hound is almost dead.
The hound barely misses you. The hound bites you.
* * * LOW HITPOINT WARNING * * *
You closely miss the hound.
The hound is almost dead.
The hound bites you but does no damage.
You barely miss the hound. Your kick misses the hound.
The hound is almost dead.
The hound bites you.
* * * LOW HITPOINT WARNING * * *
The hound bites you.
You die...
Your body crumbles into a pile of gold.

#.....##.# #........#
########.##### #####
#......# # #...#
#..###.# ## ....#
########..###.###. #...#
#................. ##.##
#.#####.>#####.##. #.#
#@# #..# #.... #.# #h#
#..# #.)## #.#
#######.## #..# #..#
#.## #........#
##.#####..# #..#
#.####...## #........#
##.#
#.###.###.####...####.##
###.## #.##.##
##.##.....###... .#...#
#.##.# #.#.......#####
.....#####.##.##
##..........####


You could see a hound.

Vanquished Creatures
  3 adders (D:2)
  An ooze (D:2)
  2 worms (D:2)
  2 dart slugs
  A leopard gecko (D:2)
  4 giant cockroaches
  5 hobgoblins
  10 jackals
  A quokka (D:3)
  A ball python (D:3)
  3 bats
  3 frilled lizards (D:1)
  8 goblins
  3 kobolds
  3 rats (D:1)
50 creatures vanquished.

Notes
Turn   | Place    | Note
-------+----------+-------------------------------------------
     0 | D:1      | 0nlyMegaZig the Centaur Transmuter began the quest for the Orb.
     0 | D:1      | Reached XP level 1. HP: 16/16 MP: 3/3
   214 | D:1      | Reached XP level 2. HP: 18/23 MP: 4/4
   892 | D:1      | Reached XP level 3. HP: 29/29 MP: 5/5
  1400 | D:2      | Found a bloodstained altar of Trog.
  1604 | D:2      | Reached skill level 4 in Unarmed Combat
  1816 | D:2      | Reached XP level 4. HP: 33/37 MP: 6/6
  2215 | D:2      | Found an opulent altar of Gozag.
  2216 | D:2      | Found an ancient bone altar of Kikubaaqudgha.
  2290 | D:2      | Became a worshipper of Gozag Ym Sagoz the Greedy
  2548 | D:2      | Found a snail-covered altar of Cheibriados.
  2622 | D:3      | Found a hazy altar of Hepliaklqana.
  2662 | D:3      | Noticed Natasha
  2778 | D:4      | Noticed Ijyb
  2779 | D:4      | Noticed an ogre
  2828 | D:2      | HP: 1/38 [hound (4)]
  2850 | D:2      | HP: 1/38 [hound (1)]
  2850 | D:2      | Slain by a hound

Skill      XL: |  1  2  3  4 |
---------------+-------------+-----
Fighting       | 2 3 |  3.1
Unarmed Combat | 4 |  4.2
Dodging        | |  1.3
Spellcasting   | |  1.5
Transmutations | |  1.7

Action                   |  1- 3 |  4- 6 || total
-------------------------+-------+-------++-------
Melee: Unarmed           |   155 |    59 ||   214
       Kick              |    23 |     5 ||    28
       Punch             |     2 |     4 ||     6
  Use: Potion            |       |     3 ||     3
  Eat: Chunk             |     2 |     2 ||     4
Armor: Robe              |    64 |    16 ||    80
Dodge: Dodged            |    60 |    27 ||    87
